 Dungeon Crawl Stone Soup version 0.24-a0-537-g2d01d4a (webtiles) character file.

Game seed: 7157207377678559094

72 silentkaos13 the Chopper (level 4, -1/40 HPs)
             Began as a Hill Orc Monk on Aug 14, 2019.
             Killed from afar by an orc wizard (4 damage)
             ... with a magic dart
             ... on level 3 of the Dungeon.
             The game lasted 00:04:19 (2464 turns).

silentkaos13 the Chopper (Hill Orc Monk)            Turns: 2464, Time: 00:04:20

Health: -1/40      AC:  5    Str: 19    XL:     4   Next: 26%
Magic:  4/4        EV: 12    Int: 10    God:
Gold:   111        SH:  0    Dex: 13    Spells: 3/3 levels left

rFire    . . .     SeeInvis .   a - +0 hand axe
rCold    . . .     Gourm    .   (no shield)
rNeg     . . .     Faith    .   e - +0 ring mail
rPois    .         Spirit   .   (no helmet)
rElec    .         Reflect  .   (no cloak)
rCorr    .         Harm     .   (no gloves)
MR       .....                  (no boots)
Stlth    +.........             (no amulet)
HPRegen  0.13/turn              (no ring)
MPRegen  0.09/turn              (no ring)

@: mighty
A: no striking features
a: no special abilities


You were on level 3 of the Dungeon.
You were not hungry.

You visited 1 branch of the dungeon, and saw 3 of its levels.

You collected 111 gold pieces.

Inventory:

Hand Weapons
 a - a +0 hand axe (weapon)
Armour
 b - a +0 robe
 e - a +0 ring mail (worn)
Scrolls
 d - 4 scrolls of identify {unknown}
 f - 2 scrolls of remove curse {unknown}
 h - a scroll of enchant armour {unknown}
 k - a scroll of enchant weapon {unknown}
 l - a scroll of teleportation {unknown}
 m - 2 scrolls of fog {unknown}
 p - a scroll of magic mapping {unknown}
Potions
 g - a potion of magic {unknown}
 i - a potion of cancellation {unknown}
 j - a potion of might
 n - a potion of haste {unknown}
 o - a potion of curing {unknown}
Comestibles
 c - 5 rations


   Skills:
 + Level 4.1 Fighting
 + Level 5.2 Axes
 + Level 1.1 Armour
 + Level 3.0 Dodging
 + Level 1.5 Stealth


You had 3 spell levels left.
You didn't know any spells.
Your spell library contained the following spells:

 Spells                   Type           Power        Failure   Level  Hunger
 Summon Small Mammal      Summ           #...         54%         1    ##.....
 Call Imp                 Summ           #.......     69%         2    ###....
 Call Canine Familiar     Summ           #.......     89%         3    ####...
 Summon Guardian Golem    Hex/Summ       #.......     89%         3    ####...
 Summon Ice Beast         Ice/Summ       #.......     100%        4    #####..
 Summon Lightning Spire   Summ/Air       #.......     100%        4    #####..


Dungeon Overview and Level Annotations

Branches:
Dungeon (3/15)

Altars:
The Shining One


Message History

The orc hits you with a +0 hand axe.
* * * LOW HITPOINT WARNING * * *
The orc wizard hits you but does no damage.
The orc throws a boomerang.
The boomerang hits you but does no damage.
The weapon returns to the orc!
You hit the orc but do no damage.
The orc is heavily wounded.
You hit the orc but do no damage. You hit the orc wizard.
The orc hits you with a +0 war axe.
* * * LOW HITPOINT WARNING * * *
The orc wizard hits you with a +0 dagger.
* * * LOW HITPOINT WARNING * * *
The orc closely misses you.
The orc throws a boomerang.
The boomerang barely misses you.
The weapon returns to the orc!
It was a potion of might.
You feel very mighty all of a sudden. The orc wizard casts a spell at you.
The magic dart hits you.
You die...

.###.....###)#
.$....#...#.###
#.#
............##
#.#
......#.##...#
#.# ..... #
#...####.# ......
#.#......#
#...####.########
#.o.##.# #@o..#
#.o### #o.# #..#
#..# ####


You could see an orc wizard and 3 orcs.

Vanquished Creatures
  2 adders (D:2)
  A worm (D:3)
  A dart slug (D:2)
  5 leopard geckos
  An orc (D:3)
  2 giant cockroaches
  2 goblins (D:1)
  7 hobgoblins
  4 jackals (D:1)
  4 bats
  2 frilled lizards
  6 kobolds
  9 rats
46 creatures vanquished.

Vanquished Creatures (others)
  A plant (D:2)
1 creature vanquished.

Grand Total: 47 creatures vanquished

Notes
Turn   | Place    | Note
-------+----------+-------------------------------------------
     0 | D:1      | silentkaos13 the Hill Orc Monk began the quest for the Orb.
     0 | D:1      | Reached XP level 1. HP: 19/19 MP: 1/1
    79 | D:1      | Found a glowing golden altar of the Shining One.
   188 | D:1      | Reached XP level 2. HP: 24/27 MP: 2/2
  1028 | D:2      | Reached XP level 3. HP: 33/33 MP: 3/3
  1704 | D:2      | Reached skill level 1 in Armour
  2005 | D:2      | Reached skill level 5 in Axes
  2005 | D:2      | Reached XP level 4. HP: 35/40 MP: 4/4
  2464 | D:3      | Killed from afar by an orc wizard

Levels and vault maps discovered:
D:1:      dpeg_arrival_tiny_a, layout_basic, corexii_corridor_pit,
          minmay_misc_feat_alley, tso_metal_star
D:2:      layout_loops_corners, serial_bayou, serial_bayou_pond_c,
          serial_bayou_ford_a, serial_bayou_shore_b, serial_bayou_lagoon_a
D:3:      layout_rooms, lemuel_doored_altar, uniq_crazy_yiuf_cottage

Skill      XL: |  1  2  3  4 |
---------------+-------------+-----
Fighting       | 4 |  4.1
Armour         | 1 |  1.1
Axes           | 5 |  5.2
Dodging        | 3 |  3.0
Stealth        | |  1.5

Action                   |  1- 3 |  4- 6 || total
-------------------------+-------+-------++-------
Melee: Hand axe          |   228 |    25 ||   253
  Use: Potion            |       |     1 ||     1
  Eat: Chunk             |     4 |     1 ||     5
Armor: Ring mail         |    87 |    17 ||   104
       Robe              |     1 |       ||     1
Dodge: Dodged            |   128 |    17 ||   145

Table legend:
 A = Non-vault XP
 B = Vault XP
 C = Vault XP percentage of total XP
 D = Non-vault monster count
 E = Vault monster count
 F = Vault count percentage of total count
                 A         B        C        D         E       F
            +---------+---------+-------+---------+---------+-------
      Total |     104 |       0 |   0.0 |      46 |       0 |   0.0
            +---------+---------+-------+---------+---------+-------
        D:1 |      31 |       0 |   0.0 |      21 |       0 |   0.0
        D:2 |      59 |       0 |   0.0 |      20 |       0 |   0.0
        D:3 |      14 |       0 |   0.0 |       5 |       0 |   0.0
            +---------+---------+-------+---------+---------+-------
